Description

This is pretty much a copy of https://lotv.spawningtool.com/build/74945/. I could not remove drone timings in the Overwolf Spawning Tool, so I am just recreating the build without drone timings. I removed lurkers because I currently do not like to play with lurkers.

Build Order

Get SALT Encoding   

  12  0:00  Drone  1st overlord scouts base
  13  0:13  Overlord  2nd overlord checks cannonrush -> then base for units.
  17  0:52  Hatchery  
  18  1:11  Extractor  
  17  1:14  Spawning Pool  
  19  1:40  Overlord  
  20  2:01  Queen x2  
  20  2:02  Zergling x4  First 4-8 zerglings push back adept , First 4-8 zerglings push back adept , First 4-8 zerglings push back adept , 1 pylon = proxy // Cyber Chrono = Allin // Warpgate before twilight = Twilight build
  26  2:11  Metabolic Boost  @100 gas ling speed -> 2 drones off gas
  32  2:44  Hatchery  3 inject queens and 2 creep spread queens
  32  2:49  Overlord  Scouting 3:15: Many gates = Allin No gas at 4:30 chargelot allin
  38  3:18  Overlord  Scouting 3:15: Many gates = Allin No gas at 4:30 chargelot allin
  43  3:30  Queen, Spore Crawler  /Oracle hits at 4:00, /Oracle hits at 4:00
  44  3:35  Evolution Chamber  4:00 drones back on gas.
  44  3:39  Queen  4:00 drones back on gas.
  46  3:48  Spore Crawler  4:00 drones back on gas.
  54  4:09  Spore Crawler  Rescout w. overlord
  58  4:23  Overlord, Zerg Melee Weapons Level 1  Pulling gas =chargelot allin + Twilight Chrono, Gladept pressure = Twilight Council researching 3 Gateway 2+ Adepts in the natural/wall
  58  4:31  Lair  Templar archives = archon chargelot allin.
  58  4:41  Queen  -6x Zerglings - pressure 3rd + scout
  66  4:51  Baneling Nest  Safe vs 2 base aliin
  69  5:05  Extractor x5  Scout third IF Third base by 5:00. = Safe droning, !!!60 drones!!!
  73  5:30  Hatchery  
  75  5:36  Hydralisk Den  
  77  5:51  Overseer  
  77  5:57  Centrifical Hooks  
  77  6:05  Zergling x16  
  77  6:11  Muscular Augments  
  86  6:19  Hydralisk  
  86  6:22  Zerg Melee Weapons Level 2  
  87  6:26  Evolution Chamber  
  87  6:29  Hydralisk x3  
  91  7:01  Zerg Missile Weapons Level 1  
  94  7:12  Infestation Pit  
Spawning Tool Build Advisor. Get it on Overwolf

Go to:

Details

  • Created by: awells111
  • Published on: Jul 14, 2018
  • Modified on: Jul 27, 2018
  • Patch: 4.0.0
Show
View Real Time Build Order
Export as new Build Order

Comments (0)

There are no comments. Be the first!

Create an account to comment!